 Dungeon Crawl Stone Soup version 0.23.2-40-g277498a001 (webtiles) character file.

Game seed: 15373698264225268533

224 Martska the Ducker (level 6, -13/47 HPs)
             Began as a Merfolk Ice Elementalist on Oct 1, 2019.
             Mangled by an ice beast (14 damage)
             ... on level 6 of the Dungeon.
             The game lasted 00:23:48 (5913 turns).

Martska the Ducker (Merfolk Ice Elementalist)       Turns: 5913, Time: 00:23:49

Health: -13/47     AC:  3    Str:  8    XL:     6   Next: 0%
Magic:  9/9        EV: 15    Int: 14    God:
Gold:   176        SH:  0    Dex: 17    Spells: 4/10 levels left

rFire    + . .     SeeInvis .   t - +0 mace
rCold    . . .     Gourm    .   (no shield)
rNeg     . . .     Faith    .   a - +0 robe
rPois    .         Spirit   .   (no helmet)
rElec    .         Reflect  .   (no cloak)
rCorr    .         Harm     .   d - +0 pair of gloves
MR       .....                  (no boots)
Stlth    ++........             (no amulet)
HPRegen  0.15/turn              g - ring of protection from cold
MPRegen  0.11/turn              f - ring of fire

@: no status effects
A: change form in water, swift swim, stealthy swim
a: no special abilities


You were on level 6 of the Dungeon.
You were not hungry.

You visited 1 branch of the dungeon, and saw 6 of its levels.

You collected 176 gold pieces.

Inventory:

Hand Weapons
 b - a +0 whip
 l - a +2 vampiric war axe
 r - a +3 quarterstaff of chaos
 t - a +0 mace (weapon)
Armour
 a - a +0 robe (worn)
 d - a +0 pair of gloves (worn)
 s - a +0 cloak
Jewellery
 f - a ring of fire (right hand)
 g - a ring of protection from cold (left hand)
 u - a +2 ring of protection {unknown}
Wands
 q - a wand of random effects (9)
 v - a wand of disintegration (8)
 y - a wand of acid (9)
 B - a wand of iceblast (6)
Scrolls
 h - 4 scrolls of identify {unknown}
 i - a scroll of fear {unknown}
 j - a scroll of enchant armour {unknown}
 k - 2 scrolls of amnesia {unknown}
 o - a scroll of teleportation {unknown}
 w - a scroll of enchant weapon {unknown}
Potions
 e - a potion of might {unknown}
 m - a potion of curing {unknown}
 n - a potion of ambrosia {unknown}
 p - 2 potions of haste {unknown}
 x - a potion of cancellation {unknown}
 z - a potion of agility {unknown}
 A - a potion of lignification {unknown}
Comestibles
 c - 6 rations


   Skills:
 * Level 3.1 Fighting
 * Level 4.6 Dodging
 + Level 3.1 Stealth
 + Level 2.6 Spellcasting
 - Level 0.7 Conjurations
 + Level 1.0 Charms
 + Level 4.0 Ice Magic


You had 4 spell levels left.
You knew the following spells:

 Your Spells              Type           Power        Failure   Level  Hunger
a - Freeze                Ice            ##..         4%          1    #......
b - Throw Frost           Conj/Ice       #.....       13%         2    ###....
c - Ozocubu's Armour      Chrm/Ice       #.......     24%         3    ###....

Your spell library contained the following spells:

 Spells                   Type           Power        Failure   Level  Hunger
 Throw Icicle             Conj/Ice       #.......     63%         4    #####..
 Summon Ice Beast         Ice/Summ       #.......     67%         4    #####..


Dungeon Overview and Level Annotations

Branches:
Dungeon (6/15)
 Temple: D:4-7

Altars:
Trog

Annotations:
D:2 Sigmund


Message History

The sky beast hits you. The sky beast shocks you.
You hit the sky beast.
The sky beast is lightly wounded.
The ice beast barely misses you.
The sky beast flickers out of sight!
Deactivating autopickup; reactivate with Ctrl-A.
Something barely misses you.
The ice beast hits you but does no damage.
Something barely misses you.
You miss something. The ice beast completely misses you. Something hits you.
Something shocks you.
* * * LOW HITPOINT WARNING * * *
You barely miss something. The ice beast closely misses you.
Something hits you.
* * * LOW HITPOINT WARNING * * *
Something shocks you.
* * * LOW HITPOINT WARNING * * *
The ice beast hits you.
* * * LOW HITPOINT WARNING * * *
The ice beast freezes you!
You die...

#####
###############...#
......{@Y.........#
###############...#
##.## #.# ### #.#
##... #######.#
#<... ........#
#..## ######..#
#..# #..###..#


You could see an ice beast.

Vanquished Creatures
  Crazy Yiuf (D:2)
  A hound (D:5)
  A worker ant (D:5)
  Robin (D:2)
  5 adders
  An ooze (D:3)
  An adder skeleton (D:4)
  A dart slug (D:3)
  4 leopard geckos
  5 orcs
  A giant cockroach (D:1)
  9 hobgoblins
  A jackal (D:5)
  A quokka (D:3)
  11 bats
  2 frilled lizards (D:2)
  14 goblins
  6 kobolds
  A leopard gecko skeleton (D:4)
  7 rats
  A bush (D:2)
75 creatures vanquished.

Notes
Turn   | Place    | Note
-------+----------+-------------------------------------------
     0 | D:1      | Martska the Merfolk Ice Elementalist began the quest for
                  | the Orb.
     0 | D:1      | Reached XP level 1. HP: 13/13 MP: 3/3
   397 | D:1      | Reached XP level 2. HP: 11/20 MP: 0/5
   868 | D:1      | Reached skill level 1 in Fighting
  1040 | D:2      | Reached XP level 3. HP: 17/26 MP: 1/6
  1788 | D:2      | Learned a level 2 spell: Throw Frost
  1792 | D:2      | Learned a level 3 spell: Ozocubu's Armour
  1885 | D:2      | Noticed Sigmund
  1892 | D:2      | Noticed Robin
  2166 | D:1      | Reached XP level 4. HP: 10/33 MP: 2/7
  2873 | D:2      | Killed Robin
  4065 | D:2      | Found a runed translucent door.
  4066 | D:2      | Noticed Crazy Yiuf
  4076 | D:2      | Killed Crazy Yiuf
  4076 | D:2      | Reached XP level 5. HP: 17/39 MP: 0/8
  5153 | D:4      | Noticed an ogre
  5426 | D:3      | You fall through a shaft for 2 floors!
  5426 | D:5      | Entered Level 5 of the Dungeon
  5439 | D:5      | Found a bloodstained altar of Trog.
  5759 | D:5      | Reached skill level 1 in Charms
  5759 | D:5      | Reached XP level 6. HP: 47/47 MP: 1/9
  5839 | D:5      | Noticed an ice beast
  5907 | D:6      | Noticed a sky beast
  5913 | D:6      | HP: 1/47 [ice beast (2)]
  5913 | D:6      | Mangled by an ice beast

Skill      XL: |  1  2  3  4  5 |
---------------+----------------+-----
Dodging        | 3 4 |  4.6
Fighting       | 1 2 3 |  3.1
Stealth        | 3 |  3.1
Ice Magic      | 4 |  4.0
Charms         | 1 |  1.0
Spellcasting   | |  2.6
Conjurations   | |  0.7

Action                   |  1- 3 |  4- 6 || total
-------------------------+-------+-------++-------
Melee: Whip              |    34 |   374 ||   408
       Mace              |       |    20 ||    20
 Cast: Freeze            |    43 |    48 ||    91
       Throw Frost       |       |    30 ||    30
       Ozocubu's Armour  |       |     1 ||     1
  Use: Potion            |     1 |     1 ||     2
 Stab: Sleeping          |     2 |     1 ||     3
  Eat: Ration            |     2 |     4 ||     6
       Chunk             |       |     1 ||     1
Armor: Robe              |    10 |    18 ||    28
Dodge: Dodged            |    64 |    92 ||   156
